 Seeded DCSS version 0.31-a0-360-gb3e1d13bf4 (webtiles) character file.

Game seed: 13532415758814214178 (custom seed)

3650 innerfire43 the Changeling (level 9, -10/56 HPs)
             Began as a Demonspawn Monk on July 26, 2023.
             Was an Elder of Cheibriados.
             Mangled by an ogre
             ... wielding a +0 giant club
              (24 damage)
             ... on level 7 of the Dungeon.
             The game lasted 00:09:01 (6296 turns).

innerfire43 the Changeling (Demonspawn Monk)        Turns: 6296, Time: 00:09:02

Health: -10/56     AC:  7    Str: 29    XL:     9   Next: 88%
Magic:  9/9        EV: 13    Int: 20    God:    Cheibriados [****..]
Gold:   404        SH:  6    Dex: 23    Spells: 8/8 levels left

rFire   + + .        p - +5 trident "Spiderbane" {protect, rF+}
rCold   . . .        d - orb {light}
rNeg    . . .        y - +2 ring mail {rF+}
rPois   .            (helmet currently unavailable)
rElec   .            (cloak currently unavailable)
rCorr   .            (gloves currently unavailable)
SInv    .            (boots currently unavailable)
Will    .....        (no amulet)
Stlth   +            r - ring of wizardry
HPRegen 0.29/turn    (no ring)
MPRegen 0.11/turn

%: wizardry (x1)
@: beast-form, glowing, very slow
A: beast (slay +5), hooves 1, large bone plates 2, foul stench 2, frail 1,
strong 1, sturdy frame 1
a: Begin Untransformation, Renounce Religion, Bend Time, Temporal Distortion,
Slouch


You were on level 7 of the Dungeon.
You worshipped Cheibriados.
Cheibriados was greatly pleased with you.
You were a hulking beast.
You visited 2 branches of the dungeon, and saw 8 of its levels.
You visited the Abyss 1 time.

You collected 591 gold pieces.
You spent 187 gold pieces at shops.

Inventory:

Hand Weapons
 p - the +5 trident "Spiderbane" (weapon) {protect, rF+}
   (You bought it in a shop on level 3 of the Dungeon)

   rF:        It protects you from fire.
Missiles
 o - a throwing net
Armour
 d - an orb of light (worn)
 y - a +2 ring mail of fire resistance (worn)
Jewellery
 r - a ring of wizardry (left hand)
Talismans
 e - a serpent talisman
 f - a blade talisman
 k - a beast talisman
Wands
 t - a wand of flame (37)
 v - a wand of light (23)
 x - a wand of iceblast (12)
Scrolls
 b - a scroll of revelation {unknown}
 g - a scroll of amnesia {unknown}
 h - 3 scrolls of identify
 m - 2 scrolls of poison {unknown}
 n - a scroll of acquirement {unknown}
 q - a scroll of fog {unknown}
 u - a scroll of noise {unknown}
 w - a scroll of immolation {unknown}
Potions
 a - a potion of invisibility {unknown}
 c - a potion of ambrosia
 i - a potion of curing {unknown}
 j - a potion of enlightenment
 l - 2 potions of might
 s - 4 potions of brilliance {unknown}
 z - a potion of resistance


   Skills:
 - Level 3.0 Fighting
 + Level 7.2 Polearms
 + Level 3.1 Armour
 - Level 3.0 Dodging
 + Level 4.9 Unarmed Combat
 * Level 7.6 Shapeshifting


You had 8 spell levels left.
You didn't know any spells.
Your spell library contained the following spells:

 Spells                   Type           Power      Damage    Failure   Level
 Blink                    Tloc           0%         N/A       14%         2
 Cigotuvi's Dreadful Rot  Necr/Pois/Air  0%         N/A       14%         2
 Ensorcelled Hibernation  Hex/Ice        0%         N/A       14%         2
 Lesser Beckoning         Tloc           0%         N/A       14%         2
 Momentum Strike          Conj/Tloc      0%         3d8       14%         2
 Scorch                   Fire           0%         2d5       14%         2
 Ignite Poison            Fire/Tmut/Pois 0%         N/A       26%         3
 Anguish                  Hex/Necr       0%         N/A       63%         4
 Flame Wave               Conj/Fire      0%         2d4       63%         4
 Manifold Assault         Tloc           0%         N/A       63%         4
 Freezing Cloud           Conj/Ice/Air   0%         6-21      91%         5
 Summon Cactus Giant      Summ           0%         N/A       100%        6


Dungeon Overview and Level Annotations

Branches:
Dungeon (7/15)             Temple (1/1) D:4

Altars:
Ashenzari
Cheibriados
Fedhas
Gozag
Hepliaklqana
Kikubaaqudgha
Makhleb
Nemelex Xobeh
Okawaru
Qazlal
Sif Muna
Trog
Vehumet
Wu Jian
Xom
Yredelemnul

Shops:
D:3 (


Innate Abilities, Weirdness & Mutations

You are a hulking beast.
Your limbs bulge with bestial killing power. (Slay +5)
You have large cloven feet.
You are mostly covered in large bone plates. (SH +6)
You sometimes emit foul miasma when damaged in melee.
You are frail. (-10% HP)
Your muscles are strong. (Str +4, Int/Dex -1)
Your movements are slightly less encumbered by armour. (ER -2)


Message History

a +0 dagger; 2 boomerangs; a +0 ring mail Key pressed, stopping explore.
No target in view!
Things that are here:
a +0 hand axe; a +0 ring mail You see here 8 stones.
o - a throwing net
w - a scroll labelled YLEEGO XUSTI No target in view!
You see here 8 stones.
Things that are here:
a +0 hand axe; a +0 ring mail Key pressed, stopping explore.
No target in view!
x - a wand of iceblast (12) No target in view!
An electric eel comes into view.
You enter the shallow water.
Moving in this stuff is going to be slow.
The electric eel shoots out a bolt of lightning at you!
The bolt of electricity hits you!
An ogre comes into view. It is wielding a +0 giant club.
The electric eel shoots out a bolt of lightning at you!
The bolt of electricity hits you!
An electric eel comes into view.
Aiming: Throw Flame
Press: ? - help, Shift-Dir - straight line, f - electric eel
Aim: an electric eel (haloed, 66% to hit)
The ogre shouts!
Unknown command.
The electric eel shoots out a bolt of lightning at you!
The bolt of electricity hits you! x2
A sky beast comes into view.
The electric eel shoots out a bolt of lightning at you!
The bolt of electricity hits you!
* * * LOW HITPOINT WARNING * * *
The bolt of electricity misses you.
The sky beast moves out of view.
The ogre barely misses you.
The ogre hits you with a +0 giant club!!
You die...

##.....#### ###..#
##..##
##........###...##
##..#
##...............#
##..
#...#....#########
##. ##..###...#
##. ###.### #...#
#.. ##..## #...#
###.. ##...#
#...#######
..#.... ##...##
#....hO...###
........ #..###
#..####~~P~~♣
~~##.... ..##
#....~ ♣~S♣♣♣P~♣♣
♣~♣~.. .##
#...#♣♣~♣~P~♣
~~~~~♣♣♣♣♣ ## #.#.
~~~~~~ ~~~~P~♣♣ #
. ♣ ~~~~≈SS
P~~~♣~~~ ♣~~♣~≈≈≈≈
~~♣~P~~ ♣~~≈≈≈≈≈≈
≈≈§~~♣~ ~~~≈≈≈≈≈≈≈
≈S~~~~~


You could see an ogre.

Vanquished Creatures
  A shadow wraith (Abyss:2)
  3 raiju (Abyss:2)
  Sigmund (D:5)
  A steam dragon (D:7)
  Duvessa (D:4)
  3 water moccasins
  2 ice beasts
  An orc warrior (D:6)
  A black bear (D:5)
  A phantom (D:4)
  4 scorpions
  A gnoll sergeant (D:6)
  Dowan (D:4)
  4 electric eels
  2 howler monkeys
  A quasit (Abyss:2)
  A hound (D:5)
  2 jellies
  5 orc priests
  2 sleepcaps (D:4)
  5 iguanas
  7 orc wizards
  6 adders
  5 gnolls (D:6)
  A river rat (D:5)
  A shadow imp (D:6)
  A white imp (D:5)
  3 worms
  2 dart slugs
  17 orcs
  5 ball pythons
  4 endoplasms
  4 giant cockroaches
  5 goblins
  4 hobgoblins
  2 jackals (D:5)
  7 kobolds
  2 quokkas (D:3)
  9 bats
  3 frilled lizards
  5 rats
136 creatures vanquished.

Notes
Turn   | Place    | Note
-------+----------+-------------------------------------------
     0 | D:1      | innerfire43 the Demonspawn Monk began the quest for the
                  | Orb.
     0 | D:1      | Reached XP level 1. HP: 18/18 MP: 1/1
   165 | D:1      | Gained mutation: You are partially covered in large bone
                  | plates. (SH +4) [demonic ancestry]
   165 | D:1      | Reached XP level 2. HP: 21/24 MP: 2/2
   582 | D:2      | Reached skill level 1 in Shapeshifting
   658 | D:2      | Gained mutation: You have large cloven feet. [demonic
                  | ancestry]
   658 | D:2      | Reached XP level 3. HP: 28/29 MP: 3/3
  1341 | D:3      | Found a transporter.
  1346 | D:3      | Found a transporter.
  1412 | D:3      | Found Heteeque's Antique Weapon Boutique.
  1420 | D:3      | Bought a pitted trident for 187 gold pieces
  1420 | D:3      | Identified the +5 trident "Spiderbane" {protect, rF+} (You
                  | bought it in a shop on level 3 of the Dungeon)
  1863 | D:3      | Gained mutation: You may rarely emit foul miasma when
                  | damaged in melee. [demonic ancestry]
  1863 | D:3      | Reached XP level 4. HP: 35/35 MP: 4/4
  2049 | D:3      | Reached XP level 5. HP: 17/41 MP: 5/5
  2267 | D:4      | Found a staircase to the Ecumenical Temple.
  2293 | Temple   | Entered the Ecumenical Temple
  2323 | Temple   | Became a worshipper of Cheibriados the Contemplative
  2323 | Temple   | Reached * piety under Cheibriados
  2323 | Temple   | Reached ** piety under Cheibriados
  2430 | D:4      | Noticed a phantom
  2433 | D:4      | Killed a phantom
  2434 | D:4      | Reached XP level 6. HP: 47/47 MP: 6/6
  2595 | D:4      | Noticed Dowan
  2599 | D:4      | Killed Dowan
  2599 | D:4      | Noticed Duvessa
  2611 | D:4      | Killed Duvessa
  2612 | D:4      | Reached XP level 7. HP: 35/52 MP: 7/7
  3032 | D:5      | Entered Level 5 of the Dungeon
  3057 | D:5      | Found an ancient bone altar of Kikubaaqudgha.
  3079 | D:5      | Reached skill level 5 in Polearms
  3252 | D:5      | Noticed Sigmund
  3259 | D:5      | Killed Sigmund
  3260 | D:5      | Reached skill level 1 in Unarmed Combat
  3309 | D:5      | Reached skill level 5 in Shapeshifting
  3312 | D:5      | Gained mutation: You are mostly covered in large bone
                  | plates. (SH +6) [demonic ancestry]
  3312 | D:5      | Reached XP level 8. HP: 52/58 MP: 8/8
  3357 | D:5      | Reached *** piety under Cheibriados
  3474 | D:5      | Found a shimmering altar of Xom.
  4650 | D:6      | Gained mutation: Your movements are slightly less
                  | encumbered by armour. (ER -2) [potion of mutation]
  4650 | D:6      | Gained mutation: You are frail. (-10% HP) [potion of
                  | mutation]
  4650 | D:6      | Gained mutation: Your muscles are strong. (Str +4, Int/Dex
                  | -1) [potion of mutation]
  4912 | D:6      | Reached **** piety under Cheibriados
  4913 | D:6      | Gained mutation: You sometimes emit foul miasma when
                  | damaged in melee. [demonic ancestry]
  4913 | D:6      | Reached XP level 9. HP: 53/56 MP: 9/9
  4948 | D:6      | Identified the +4 whip "Giant's Toothpick" {heavy, Str+3}
  5250 | D:7      | Reached skill level 1 in Armour
  5333 | Abyss:2  | Cast into level 2 of the Abyss (orc wizard)
  5372 | Abyss:2  | Noticed a shadow wraith
  5378 | Abyss:2  | Killed a shadow wraith
  5401 | D:7      | Escaped the Abyss
  6296 | D:7      | Mangled by an ogre

Illustrated notes

Levels and vault maps discovered:
D:1:      scummos_arrival_simple_crosswalls, layout_rooms
D:2:      layout_basic
D:3:      gammafunk_steamed_eel, layout_loops_corners, serial_shops, shop,
          minmay_gold_behind_fungi, dk_noncrumbling_3
D:4:      layout_loops_ring, minmay_temple_entry_butterflies, uniq_duvessa
D:5:      layout_loops_ring, xom_butterflies, mainiacjoe_overflow_24_doors,
          portal_sewer_entry_b, minmay_statues_item, uniq_sigmund
D:6:      layout_gridville
D:7:      layout_layer_cave, serial_bayou_lake_a
Temple:   bh_familiar_temple

Skill      XL: |  1  2  3  4  5  6  7  8  9 |
---------------+----------------------------+-----
Polearms       | 3 4 5 6 7 |  7.2
Shapeshifting  | 1 2 3 4 5 6 7 |  7.6
Dodging        | 3 |  3.0
Unarmed Combat | 2 3 4 |  4.9
Armour         | 3 |  3.1
Fighting       | |  3.0

Action                     |  1- 3 |  4- 6 |  7- 9 || total
---------------------------+-------+-------+-------++-------
  Melee: Spear             |   105 |       |       ||   105
         Trident           |    26 |    44 |   176 ||   246
         Kick              |     8 |    11 |    57 ||    76
  Evoke: Wand              |       |     5 |     3 ||     8
    Use: Potion            |       |     2 |     4 ||     6
         Scroll            |       |       |     5 ||     5
   Stab: Distracted        |       |       |     1 ||     1
         Sleeping          |       |       |     1 ||     1
 Armour: Robe              |    20 |     8 |    17 ||    45
         Ring mail         |       |       |    24 ||    24
  Dodge: Dodged            |    49 |    28 |    96 ||   173
  Block: Orb               |    16 |     6 |    46 ||    68
   Form: Beast             |     1 |       |       ||     1

Table legend: (Time is in decaauts)
 A = Elapsed time spent in this place.
 B = Non-inter-level travel time spent in this place.
 C = Inter-level travel time spent in this place.
 D = Time resting spent in this place.
 E = Time spent auto-exploring this place.
 F = Levels seen in this place.
 G = Mean time per level.
                   A        B        C        D        E       F      G
               +--------+--------+--------+--------+--------+-----+--------+
         Total |   8033 |   7381 |    652 |      0 |   6309 |   9 |  892.6 |
       Dungeon |   7869 |   7252 |    617 |      0 |   6266 |   7 | 1124.1 |
        Temple |     67 |     32 |     35 |      0 |      0 |   1 |   67.0 |
         Abyss |     97 |     97 |      0 |      0 |     42 |   1 |   97.0 |
               +--------+--------+--------+--------+--------+-----+--------+

Top non-repeatable levels by time:
     D:7: 1623 daAuts
     D:6: 1620 daAuts
     D:5: 1401 daAuts
     D:3: 1063 daAuts
     D:4: 966 daAuts
     D:2: 625 daAuts
     D:1: 569 daAuts
 Abyss:2: 97 daAuts
  Temple: 67 daAuts
